 Dungeon Crawl Stone Soup version 0.22-a0-824-g1ca9aab89c (webtiles) character file.

20 Htamos the Charmwright (level 2, -2/15 HPs)
             Began as a Vine Stalker Skald on July 24, 2018.
             Slain by Terence
             ... wielding a +0 flail
              (5 damage)
             ... on level 2 of the Dungeon.
             The game lasted 00:01:55 (1236 turns).

Htamos the Charmwright (Vine Stalker Skald)         Turns: 1236, Time: 00:01:56

Health: -2/15      AC:  3    Str: 13    XL:     2   Next: 79%
Magic:  0/6        EV: 12    Int: 13    God:
Gold:   45         SH:  0    Dex: 13    Spells: 4/5 levels left

rFire    . . .     SeeInvis .   a - +0 short sword
rCold    . . .     Gourm    .   (no shield)
rNeg     . . .     Faith    .   b - +0 leather armour
rPois    .         Spirit   +   (no helmet)
rElec    .         Reflect  .   (no cloak)
rCorr    .         Harm     .   (no gloves)
MR       .....                  (no boots)
Stlth    +.........             (no amulet)
HPRegen  0.05/turn              (no ring)
MPRegen  0.10/turn              (no ring)

@: no status effects
A: fangs 2, magic shield, antimagic bite, no potion heal 3, rot immunity
a: no special abilities


You were on level 2 of the Dungeon.
You were not hungry.

You visited 1 branch of the dungeon, and saw 2 of its levels.

You collected 45 gold pieces.

Inventory:

Hand Weapons
 a - a +0 short sword (weapon)
Armour
 b - a +0 leather armour (worn)
 j - a +0 leather armour
Scrolls
 f - a scroll of immolation {unknown}
 i - a scroll of teleportation {unknown}
Potions
 g - a potion of curing
 h - a potion of cancellation
Comestibles
 d - 2 rations


   Skills:
 + Level 2.0 Fighting
 + Level 2.0 Short Blades
 + Level 1.1 Armour
 + Level 1.7 Dodging
 + Level 2.4 Spellcasting
 + Level 3.1 Charms


You had 4 spell levels left.
You knew the following spells:

 Your Spells              Type           Power        Failure   Level  Hunger
a - Infusion              Chrm           #...         9%          1    #......

Your spell library contained the following spells:

 Spells                   Type           Power        Failure   Level  Hunger
 Regeneration             Chrm/Necr      #.........   43%         3    ###....
 Shroud of Golubria       Chrm/Tloc      #.........   24%         2    ###....
 Song of Slaying          Chrm           #.......     13%         2    ###....
 Spectral Weapon          Hex/Chrm       #.......     43%         3    ###....


Dungeon Overview and Level Annotations

Branches:
Dungeon (2/15)

Altars:

Annotations:
D:2 Terence


Innate Abilities, Weirdness & Mutations

You have extremely sharp teeth.
When hurt, damage is shared between your health and your magic reserves.
Your bite disrupts and absorbs the magic of your enemies.
Potions cannot restore your health.
You are immune to rotting.


Message History

Terence barely misses you.
You hit Terence.
Terence is moderately wounded.
Terence closely misses you.
You barely miss Terence.
Terence is moderately wounded.
Terence hits you with a flail.
* * * LOW HITPOINT WARNING * * *
Terence looks scornfully at you.
Your magical infusion is running out.
You are starting to lose your buoyancy.
You aren't carrying any items that you can evoke.
You are no longer magically infusing your attacks.
You float gracefully downwards.
You see here a club.
There is a stone staircase leading down here.
Terence asks, "Do you want it fast or slow?"
Terence hits you with a flail!
* * * LOW MAGIC WARNING * * *
You die...

###############
#<............########
#############@@.......
#..####### #..# #
#..########.##
#...).........
#.####......#
#....#.###### #....#.#
############....#.#


You could see Terence.

Vanquished Creatures
  A leopard gecko (D:2)
  A giant cockroach (D:1)
  2 goblins (D:1)
  2 hobgoblins
  2 jackals (D:1)
  A kobold (D:1)
  4 bats (D:1)
  4 rats (D:1)
17 creatures vanquished.

Notes
Turn   | Place    | Note
-------+----------+-------------------------------------------
     0 | D:1      | Htamos the Vine Stalker Skald began the quest for the Orb.
     0 | D:1      | Reached XP level 1. HP: 11/11 MP: 4/4
   425 | D:1      | Reached XP level 2. HP: 15/15 MP: 1/6
   434 | D:1      | Reached skill level 1 in Armour
  1193 | D:2      | Noticed Terence
  1236 | D:2      | Slain by Terence

Vault maps used:
D:1:      minmay_arrival_jagged, minmay_misc_feat_nine_boxes
D:2:      kennysheep_generic_room_13, uniq_terence

Skill      XL: |  1  2 |
---------------+-------+-----
Armour         | 1 |  1.1
Fighting       | 2 |  2.0
Short Blades   | 2 |  2.0
Dodging        | |  1.7
Spellcasting   | |  2.4
Charms         | |  3.1

Action                   || total
-------------------------++-------
Melee: Short sword       ||    60
       Bite              ||    13
 Cast: Infusion          ||     6
  Use: Potion            ||     3
       Scroll            ||     2
  Eat: Chunk             ||     1
Armor: Leather armour    ||    17
Dodge: Dodged            ||    52

Table legend:
 A = Spawn XP
 B = Non-spawn XP
 C = Spawn XP percentage of total XP
 D = Spawn monster count
 E = Non-spawn monster count
 F = Spawn count percentage of total count
 G = Total turns spent on level
                    A         B        C        D         E        F      G
               +---------+---------+-------+---------+---------+-------+---------
         Total |       0 |      29 |   0.0 |       0 |      17 |   0.0 |  1236
               +---------+---------+-------+---------+---------+-------+---------
           D:1 |       0 |      24 |   0.0 |       0 |      15 |   0.0 |  1096
           D:2 |       0 |       5 |   0.0 |       0 |       2 |   0.0 |   140
               +---------+---------+-------+---------+---------+-------+---------
